 Dungeon Crawl Stone Soup version 0.28.0-43-g3370ac3207 (webtiles) character file.

Game seed: 7697681785499461385

179 nickcage the Slasher (level 5, -1/45 HPs)
             Began as a Minotaur Fighter on Mar 28, 2022.
             Slain by Grinder (6 damage)
             ... on level 3 of the Dungeon.
             The game lasted 00:06:41 (2052 turns).

nickcage the Slasher (Minotaur Fighter)             Turns: 2052, Time: 00:06:42

Health: -1/45      AC:  9    Str: 23    XL:     5   Next: 32%
Magic:  4/4        EV:  9    Int:  5    God:
Gold:   107        SH:  4    Dex:  9    Spells: 4/4 levels left

rFire   . . .      SeeInvis .   a - +0 long sword
rCold   . . .      Faith    .   c - +0 buckler
rNeg    . . .      Spirit   .   b - +0 scale mail
rPois   .          Reflect  .   (helmet restricted)
rElec   .          Harm     .   f - +1 cloak
rCorr   .          Rampage  .   (no gloves)
Will    .....                   (no boots)
Stlth   ..........              (no amulet)
HPRegen 0.15/turn               g - +4 ring of slaying
MPRegen 0.09/turn               (no ring)

@: no status effects
A: horns 2, retaliatory headbutt
a: no special abilities


You were on level 3 of the Dungeon.
You visited 1 branch of the dungeon, and saw 4 of its levels.

You collected 107 gold pieces.

Inventory:

Hand Weapons
 a - a +0 long sword (weapon)
Missiles
 k - 10 poisoned darts (quivered)
Armour
 b - a +0 scale mail (worn)
 c - a +0 buckler (worn)
 f - a +1 cloak (worn)
Jewellery
 g - a +4 ring of slaying (left hand)
Wands
 j - a wand of charming (9)
Scrolls
 e - a scroll of identify {unknown}
 i - a scroll of fear {unknown}
 m - a scroll of enchant weapon {unknown}
Potions
 d - 2 potions of might
 h - a potion of brilliance {unknown}
 l - a potion of magic {unknown}
 n - a potion of attraction {unknown}


   Skills:
 - Level 3.6 Fighting
 + Level 6.8 Long Blades
 - Level 3.6 Armour
 - Level 3.6 Shields


You had 4 spell levels left.
You didn't know any spells.
Your spell library contained the following spells:

 Spells                   Type           Power      Damage    Failure   Level
 Slow                     Hex            0%         N/A       86%         1
 Confusing Touch          Hex            0%         N/A       99%         3
 Vampiric Draining        Necr           0%         2d6       99%         3


Dungeon Overview and Level Annotations

Branches:
Dungeon (4/15)
 Temple: D:4-7

Altars:

Shops:
D:2 *

Annotations:
D:3 Grinder


Innate Abilities, Weirdness & Mutations

You have a pair of horns on your head.
You reflexively headbutt those who attack you in melee.


Message History

Grinder is heavily wounded.
Grinder blinks!
Grinder gestures at you.
You suddenly lose the ability to move!
Grinder hits you.
You writhe in agony.
Grinder hits you but does no damage.
You can move again.
You closely miss Grinder. Your headbutt misses Grinder.
Grinder is moderately wounded.
You block Grinder's attack.
You hit Grinder.
Grinder is heavily wounded.
Grinder hits you.
You writhe in agony.
You are too injured to fight recklessly!
You are too injured to fight recklessly!
You closely miss Grinder.
Grinder is heavily wounded.
Grinder blinks!
Grinder gestures at you.
You suddenly lose the ability to move!
Grinder gestures at you. Pain shoots through your body!
* * * LOW HITPOINT WARNING * * *
Grinder gestures at you.
You shrug off the repeated paralysis!
Grinder blinks!
You can move again.
You closely miss Grinder.
Grinder is heavily wounded.
Grinder hits you but does no damage.
You hit Grinder. You headbutt Grinder, but do no damage.
Grinder is heavily wounded.
Grinder gestures at you. You resist with significant effort.
You barely miss Grinder.
Grinder is heavily wounded.
Grinder hits you.
* * * LOW HITPOINT WARNING * * *
You writhe in agony.
You die...

###
##.#
..#
#.#
#.#
#.#
#.#
#.#
#@#
#5#
#.#
#.#
#.#
#.#
#.#
#.#
###


You could see Grinder.

Vanquished Creatures
  2 orc priests (D:2)
  Crazy Yiuf (D:2)
  Robin (D:2)
  An adder (D:2)
  A worm (D:4)
  A dart slug (D:2)
  2 orcs (D:2)
  2 ball pythons (D:1)
  7 endoplasms
  3 giant cockroaches
  12 goblins
  5 hobgoblins
  A jackal (D:1)
  2 kobolds (D:1)
  6 quokkas
  6 bats
  4 frilled lizards
  3 rats
60 creatures vanquished.

Notes
Turn   | Place    | Note
-------+----------+-------------------------------------------
     0 | D:1      | nickcage the Minotaur Fighter began the quest for the Orb.
     0 | D:1      | Reached XP level 1. HP: 19/19 MP: 0/0
    64 | D:1      | Reached skill level 3 in Long Blades
   159 | D:1      | Reached XP level 2. HP: 26/26 MP: 1/1
   378 | D:1      | Reached skill level 4 in Long Blades
   401 | D:1      | Found a faded altar of an unknown god.
   548 | D:2      | Reached XP level 3. HP: 31/31 MP: 2/2
   575 | D:2      | Found Fautus's Assorted Antiques.
   593 | D:2      | Noticed Robin
   598 | D:2      | Reached skill level 5 in Long Blades
   753 | D:2      | Reached XP level 4. HP: 20/39 MP: 3/3
  1097 | D:2      | Reached skill level 6 in Long Blades
  1107 | D:2      | Killed Robin
  1290 | D:2      | Reached XP level 5. HP: 45/45 MP: 4/4
  1320 | D:2      | You fall into a shaft and drop 2 floors!
  1691 | D:2      | Found a runed translucent door.
  1692 | D:2      | Noticed Crazy Yiuf
  1697 | D:2      | Killed Crazy Yiuf
  2024 | D:3      | Noticed Grinder
  2032 | D:3      | Paralysed by Grinder for 6 turns
  2041 | D:3      | Paralysed by Grinder for 7 turns
  2052 | D:3      | Slain by Grinder

Illustrated notes

Levels and vault maps discovered:
D:1:      tarquinn_simple_flora_water_d, layout_basic,
          shapermc_ecumenical_altar_starsandcircs, interstate_on_off,
          hangedman_feature_mirror, hangedman_feature_mirror
D:2:      layout_rooms, serial_shops, shop, minmay_tromino_v4_b, uniq_robin,
          uniq_crazy_yiuf_cottage
D:3:      layout_basic, nicolae_overflow_hallway_of_the_gods, uniq_grinder
D:4:      layout_basic, minmay_temple_entry_nine_rooms, portal_sewer_entry_b

Skill      XL: |  1  2  3  4 |
---------------+-------------+-----
Long Blades    | 3 4 5 6 |  6.8
Fighting       | |  3.6
Armour         | |  3.6
Shields        | |  3.6

Action                   |  1- 3 |  4- 6 || total
-------------------------+-------+-------++-------
Melee: Long sword        |    53 |    58 ||   111
       Headbutt          |    11 |    11 ||    22
Armor: Scale mail        |    33 |    15 ||    48
Dodge: Dodged            |    32 |    14 ||    46
Block: Buckler           |    15 |     6 ||    21
